 Dungeon Crawl Stone Soup version 0.30.1-4-g462c640d31 (webtiles) character file.

Game seed: 1283153380100966013

38 ChrisAssaf the Shooter (level 3, 0/30 HPs)
             Began as a Draconian Hunter on Aug 11, 2023.
             Slain by Terence
             ... wielding a +0 flail
              (6 damage)
             ... on level 3 of the Dungeon.
             The game lasted 00:02:47 (804 turns).

ChrisAssaf the Shooter (Draconian Hunter)            Turns: 804, Time: 00:02:48

Health: 0/30       AC:  5    Str: 13    XL:     3   Next: 25%
Magic:  4/4        EV: 12    Int: 11    God:
Gold:   69         SH:  0    Dex: 14    Spells: 3/3 levels left

rFire   . . .        a - +0 shortbow
rCold   . . .        (shield currently unavailable)
rNeg    . . .        (body armour unavailable)
rPois   .            (helmet restricted)
rElec   .            (no cloak)
rCorr   .            (no gloves)
SInv    .            (no boots)
Will    .....        (no amulet)
Stlth   ++           (no ring)
HPRegen 0.25/turn    (no ring)
MPRegen 0.09/turn

%: no passive effects
@: hasted, very quick
A: AC +5, unfitting armour, cold-blooded
a: no special abilities


You were on level 3 of the Dungeon.
You visited 1 branch of the dungeon, and saw 3 of its levels.

You collected 69 gold pieces.

Inventory:

Hand Weapons
 a - a +0 shortbow (weapon)
Scrolls
 b - a scroll of immolation
 d - a scroll of magic mapping {unknown}
 e - 2 scrolls of teleportation
 h - a scroll of noise
Potions
 c - a potion of degeneration
 g - a potion of curing {unknown}
 i - a potion of heal wounds {unknown}


   Skills:
 * Level 2.4 Fighting
 * Level 4.3 Ranged Weapons
 * Level 1.9 Dodging
 * Level 1.1 Stealth
 * Level 0.7 Spellcasting


You had 3 spell levels left.
You didn't know any spells.
Your spell library contained the following spells:

 Spells                   Type           Power      Damage    Failure   Level
 Necrotise                Necr           0%         1d4       32%         1
 Vampiric Draining        Necr           0%         2d6       69%         3
 Agony                    Necr           0%         N/A       100%        5


Dungeon Overview and Level Annotations

Branches:
Dungeon (3/15)

Altars:
Xom
Zin

Shops:
D:2 :

Annotations:
D:3 Terence


Innate Abilities, Weirdness & Mutations

Your plain brown scales are hard. (AC +5)
You cannot fit into any form of body armour.
You are cold-blooded and may be slowed by cold attacks.


Message History

The angel hits itself but does no damage.
The angel hits itself with a +2 sacred scourge of holy wrath!
The angel lectures the ground at length about keeping your body clean and pure.
The angel lectures its feet at length about the eternal Law.
The angel rambles incoherently.
HP restored.
You see here an adder corpse.
j - a yellow potion The angel rambles incoherently.
The angel rambles incoherently.
The angel lectures the ground at length about the books of the Law.
Found 3 poisoned darts.
Terence the Incautious comes into view.
He is wielding a +0 flail.
Fire: a) +0 shortbow
Press: ? - help, Q - select action Shift-Dir - straight line, f - Terence
Aim: Terence, wielding a +0 flail and wearing a +0 scale mail (asleep, 98% to hit)
You shoot an arrow. The arrow completely misses Terence.
Terence shouts!
Fire: a) +0 shortbow
Press: ? - help, Q - select action Shift-Dir - straight line, f/p - Terence
Aim: Terence, wielding a +0 flail and wearing a +0 scale mail (65% to hit)
You shoot an arrow.
The arrow hits Terence but does no damage.
Unknown command.
Fire: a) +0 shortbow
Press: ? - help, Q - select action Shift-Dir - straight line, f/p - Terence
Aim: Terence, wielding a +0 flail and wearing a +0 scale mail (65% to hit)
You shoot an arrow. The arrow completely misses Terence.
Terence hits you with a +0 flail.
Unknown command.
Fire: a) +0 shortbow
Press: ? - help, Q - select action Shift-Dir - straight line, f/p - Terence
Aim: Terence, wielding a +0 flail and wearing a +0 scale mail (65% to hit)
You shoot an arrow. The arrow closely misses Terence.
Terence hits you with a +0 flail! x2
* * * LOW HITPOINT WARNING * * *
It was a potion of cancellation.
You feel magically purged. Terence misses you.
It was a potion of haste.
You feel yourself speed up. Terence hits you with a +0 flail.
You die...

#.#...######
#.#.#......###
..#...........
..###......##
#####.......#
##8##8###.########
........#..# #.#
##8##8#....##
##.## ###.....#
#.@.#
#(....#.###.#@#
#.....#..#..#..#
#.....##...###...
#.....##...# ...#
#########.## #.##
### ##


You could see Terence.

Vanquished Creatures
  2 adders
  A ball python (D:1)
  6 bats
  2 endoplasms
  A goblin (D:1)
  A hobgoblin (D:2)
  2 kobolds (D:2)
  A quokka (D:2)
  2 frilled lizards
  A rat (D:1)
19 creatures vanquished.

Notes
Turn   | Place    | Note
-------+----------+-------------------------------------------
     0 | D:1      | ChrisAssaf the Draconian Hunter began the quest for the
                  | Orb.
     0 | D:1      | Reached XP level 1. HP: 17/17 MP: 1/1
    77 | D:1      | Reached skill level 1 in Stealth
   128 | D:1      | Reached XP level 2. HP: 25/25 MP: 2/2
   268 | D:2      | Reached skill level 4 in Ranged Weapons
   451 | D:2      | Found Muac's Book Shop.
   518 | D:2      | Reached XP level 3. HP: 22/30 MP: 3/3
   594 | D:3      | Noticed an ogre
   599 | D:3      | Found a glowing silver altar of Zin.
   599 | D:3      | Noticed an angel
   600 | D:3      | Found a shimmering altar of Xom.
   798 | D:3      | Noticed Terence
   804 | D:3      | Slain by Terence

Illustrated notes

Levels and vault maps discovered:
D:1:      dpeg_arrival_radiant, layout_basic, hangedman_decor_slide_cut,
          reono_crystal_passage
D:2:      layout_loops_corners, serial_shops, shop, serial_bayou_pond_e,
          minmay_misc_feat_roman
D:3:      layout_basic, grunt_temple_overflow_order_and_chaos_1,
          mainiacjoe_overflow_alcove_1, serial_curves, eino_curves_03,
          eino_curves_04, eino_curves_02, eino_curves_02, serial_shops, shop,
          amcnicky_mini_corridor_feature, minmay_distorted, uniq_sigmund,
          uniq_terence

Skill      XL: |  1  2 |
---------------+-------+-----
Stealth        | 1 |  1.1
Ranged Weapons | 4 |  4.3
Fighting       | |  2.4
Dodging        | |  1.9
Spellcasting   | |  0.7

Action                     || total
---------------------------++-------
   Fire: Shortbow          ||    54
    Use: Scroll            ||     4
         Potion            ||     2
 Armour: Skin              ||    13
  Dodge: Dodged            ||    20
